 Dungeon Crawl Stone Soup version 0.31-a0-851-g7ff8af7976 (webtiles) character file.

Game seed: 11382364945592018919

11 randomguy2701 the Cleaver (level 2, -1/29 HPs)
             Began as a Gnoll Wanderer on Oct 6, 2023.
             Killed by divine providence
             ... invoked by an orc priest
              (13 damage)
             ... on level 2 of the Dungeon.
             The game lasted 00:00:16 (81 turns).

randomguy2701 the Cleaver (Gnoll Wanderer)            Turns: 81, Time: 00:00:17

Health: -1/29      AC:  7    Str: 12    XL:     2   Next: 29%
Magic:  2/2        EV:  9    Int:  9    God:
Gold:   0          SH:  0    Dex: 12    Spells: 1/1 levels left

rFire   . . .        a - +3 hand axe
rCold   . . .        (no shield)
rNeg    . . .        b - +0 scale mail
rPois   .            (no helmet)
rElec   .            (no cloak)
rCorr   .            (no gloves)
SInv    .            (no boots)
Will    .....        (no amulet) Stlth
                     (no ring)
HPRegen 0.24/turn    (no ring)
MPRegen 0.08/turn

%: no passive effects
@: no status effects
A: fangs 1, strong nose, distributed training
a: no special abilities


You were on level 2 of the Dungeon.
You visited 1 branch of the dungeon, and saw 2 of its levels.

Inventory:

Hand Weapons
 a - a +3 hand axe (weapon)
Armour
 b - a +0 scale mail (worn)
Wands
 d - a wand of flame (20)
Scrolls
 c - a scroll of teleportation
 e - a scroll of blinking {unknown}


   Skills:
 + Level 6.4 Fighting
 + Level 0.3 Short Blades
 + Level 0.3 Long Blades
 + Level 8.4 Axes
 + Level 0.3 Maces & Flails
 + Level 0.3 Polearms
 + Level 0.3 Staves
 + Level 0.3 Ranged Weapons
 + Level 0.3 Throwing
 + Level 4.4 Armour
 + Level 2.4 Dodging
 + Level 0.3 Stealth
 + Level 0.3 Shields
 + Level 0.3 Unarmed Combat
 + Level 0.3 Spellcasting
 + Level 0.2 Conjurations
 + Level 0.2 Hexes
 + Level 0.2 Summonings
 + Level 0.2 Necromancy
 + Level 0.2 Translocations
 + Level 0.2 Transmutations
 + Level 0.2 Fire Magic
 + Level 0.2 Ice Magic
 + Level 0.2 Air Magic
 + Level 0.2 Earth Magic
 + Level 0.2 Poison Magic
 + Level 0.4 Invocations
 + Level 0.3 Evocations
 + Level 0.2 Shapeshifting


You had one spell level left.
You didn't know any spells.
Your spell library was empty.

Dungeon Overview and Level Annotations

Branches:
Dungeon (1/15)

Altars:


Innate Abilities, Weirdness & Mutations

You have very sharp teeth.
Your uncanny sense of smell can sniff out nearby items.
Your experience applies equally to all skills.


Message History

Found a trident.
d - a wand of flame (20)
e - a scroll labelled PULECL SEMAO An orc and an orc priest come into view.
The orc shouts!
The orc priest shouts!
You hear a shout!
The orc priest invokes the aid of Beogh against you.
Pain shoots through your body!
An orc comes into view. It is wielding a +0 hand axe.
You hear a shout!
The orc priest hits you but does no damage.
You barely miss the orc priest. Your bite misses the orc priest.
The orc priest hits you but does no damage.
You hit the orc priest but do no damage.
You hit the orc. You punch the orc, but do no damage.
The orc is severely wounded.
You hit the orc.
You kill the orc!
An orc comes into view. It is wielding a +0 short sword.
You closely miss the orc priest.
You bite the orc priest, but do no damage.
The orc priest hits you but does no damage.
You slash the orc priest!
The orc priest is heavily wounded.
You barely miss the orc priest.
The orc priest is heavily wounded.
The orc priest invokes the aid of Beogh against you.
Beogh smites you!
You are too injured to fight recklessly!
You are too injured to fight recklessly!
You are too injured to fight recklessly!
You are too injured to fight recklessly!
You are too injured to fight recklessly!
You are too injured to fight recklessly!
You are too injured to fight recklessly!
Unknown command.
You hit the orc priest.
The orc priest is heavily wounded.
The orc priest mumbles some strange prayers to Beogh against you.
Beogh smites you!
You die...

##..#..## ...###..#
##..#...# ###...#.#
..##.##.# #.##.##.#
####### #†##.####.....
#.##........)..#####.#
........##.#....@ooo.#
#............#.#######
##########.###.#
#.....# #######


You could see an orc priest and 2 orcs.

Vanquished Creatures
  An adder (D:2)
  An orc (D:2)
2 creatures vanquished.

Notes
Turn   | Place    | Note
-------+----------+-------------------------------------------
     0 | D:1      | randomguy2701 the Gnoll Wanderer began the quest for the
                  | Orb.
     0 | D:1      | randomguy2701 set off with the following items: a +3 hand
                  | axe, a +0 scale mail, a scroll of teleportation.
     0 | D:1      | Reached XP level 1. HP: 23/23 MP: 1/1
    25 | D:1      | You fall into a shaft and drop 1 floor!
    56 | D:2      | Reached XP level 2. HP: 29/29 MP: 2/2
    81 | D:2      | Killed from afar by an orc priest

Illustrated notes

Levels and vault maps discovered:
D:1:      onia_arrival_mini_maze_b, layout_rooms, serial_bayou_lagoon_b
D:2:      layout_loops_ring, basic_altar,
          shapermc_ecumenical_altar_mp_ritualfount, grunt_ministairs_3,
          minmay_tetromino_o2

Action                     || total
---------------------------++-------
  Melee: Hand axe          ||    11
         Punch             ||     1
         Bite              ||     1
 Armour: Scale mail        ||     3
  Dodge: Dodged            ||     2

Table legend: (Time is in decaauts)
 A = Elapsed time spent in this place.
 B = Non-inter-level travel time spent in this place.
 C = Inter-level travel time spent in this place.
 D = Time resting spent in this place.
 E = Time spent auto-exploring this place.
 F = Levels seen in this place.
 G = Mean time per level.
                   A        B        C        D        E       F      G
               +--------+--------+--------+--------+--------+-----+--------+
         Total |     79 |     79 |      0 |      0 |     62 |   2 |   39.5 |
       Dungeon |     79 |     79 |      0 |      0 |     62 |   2 |   39.5 |
               +--------+--------+--------+--------+--------+-----+--------+

Top non-repeatable levels by time:
     D:2: 54 daAuts
     D:1: 25 daAuts
